 Dungeon Crawl Stone Soup version 0.30.1-3-gfc49f6343a (webtiles) character file.

Game seed: 9833985284740923276

316 Descartes the Conjurer (level 6, -2/32 HPs)
             Began as a Deep Elf Wanderer on July 22, 2023.
             Slain by a gnoll
             ... wielding a +0 club
             ... led by a gnoll bouda
              (6 damage)
             ... on level 4 of the Dungeon.
             The game lasted 00:06:43 (3080 turns).

Descartes the Conjurer (Deep Elf Wanderer)          Turns: 3080, Time: 00:06:44

Health: -2/32      AC:  9    Str:  8    XL:     6   Next: 20%
Magic:  8/14       EV:  6    Int: 21    God:
Gold:   172        SH:  0    Dex: 13    Spells: 12/13 levels left

rFire   . . .        a - +0 dagger
rCold   . . .        (no shield)
rNeg    . . .        i - +3 leather armour
rPois   .            (no helmet)
rElec   .            o - +1 cloak
rCorr   .            b - +0 pair of gloves
SInv    .            (no boots)
Will    .....        (no amulet)
Stlth   +            (no ring)
HPRegen 0.25/turn    (no ring)
MPRegen 0.14/turn

%: no passive effects
@: weakened, held
A: no striking features
a: no special abilities


You were on level 4 of the Dungeon.
You visited 1 branch of the dungeon, and saw 4 of its levels.

You collected 172 gold pieces.

Inventory:

Hand Weapons
 a - a +0 dagger (weapon)
Armour
 b - a +0 pair of gloves (worn)
 i - a +3 leather armour (worn)
 o - a +1 cloak (worn)
Scrolls
 d - a scroll of noise {unknown}
 e - 2 scrolls of teleportation
 f - a scroll of fog {unknown}
 g - a scroll of amnesia {unknown}
 h - a scroll of enchant armour {unknown}
 k - a scroll of poison {unknown}
 m - a scroll of blinking {unknown}
 q - a scroll of identify {unknown}
Potions
 c - a potion of might
 j - 2 potions of invisibility {unknown}
 l - 2 potions of heal wounds {unknown}
 n - a potion of magic {unknown}
 p - a potion of mutation {unknown}
 r - a potion of attraction {unknown}
 s - 2 potions of ambrosia {unknown}
 t - a potion of flight {unknown}
 u - a potion of curing {unknown}


   Skills:
 - Level 1.0 Throwing
 + Level 3.9 Dodging
 - Level 1.2 Stealth
 + Level 4.3 Spellcasting
 + Level 5.6 Conjurations
 - Level 1.0 Invocations
 + Level 3.4 Evocations


You had 12 spell levels left.
You knew the following spells:

 Your Spells              Type           Power      Damage    Failure   Level
a - Magic Dart            Conj           100%       1d8       1%          1

Your spell library contained the following spells:

 Spells                   Type           Power      Damage    Failure   Level
 Shock                    Conj/Air       64%        1d7       5%          1
 Dazzling Flash           Conj/Hex       32%        N/A       16%         3
 Hailstorm                Conj/Ice       16%        3d6       16%         3
 Freeze                   Ice            16%        1d4       17%         1
 Frozen Ramparts          Ice            8%         1d2       45%         3
 Swiftness                Air            4%         N/A       45%         3
 Iskenderun's Mystic Bla  Conj/Tloc      16%        2d5       47%         4
 Airstrike                Air            2%         2d(1-17)  86%         4


Dungeon Overview and Level Annotations

Branches:
Dungeon (4/15)
 Temple: D:4-7

Altars:
Wu Jian

Shops:
D:1 [   D:2 [(([   D:3 =


Message History

Confirm with . or Enter, or press ? or * to list all spells.
Aiming: Magic Dart (safe; 1% risk of failure)
Press: ? - help, Shift-Dir - straight line, f/p - gnoll
Aim: a gnoll, wielding a +0 club (heavily wounded, 100% to hit)
The magic dart hits the gnoll!
You kill the gnoll!
The gnoll bouda gazes fiercely through you!
You feel your attacks grow feeble.
You hear a shout!
Casting: Magic Dart (safe; 1% risk of failure)
Confirm with . or Enter, or press ? or * to list all spells.
Aiming: Magic Dart (safe; 1% risk of failure)
Press: ? - help, Shift-Dir - straight line, f - gnoll
Aim: a gnoll, wielding a +0 halberd (100% to hit)
The magic dart hits the gnoll.
The gnoll is heavily wounded.
The gnoll bouda barks out a call to the hunt!
You struggle against the net.
You struggle against the net.
A gnoll comes into view. It is wielding a +0 club.
The gnoll hits you from afar with a +0 halberd!
You struggle against the net.
The gnoll barely misses you.
You struggle against the net.
The gnoll bouda gazes fiercely through you!
You feel as though you will be weak longer.
The gnoll hits you but does no damage.
The gnoll shouts!
Unknown command.
You rip the net and break free!
The gnoll hits you from afar with a +0 halberd!
* * * LOW HITPOINT WARNING * * *
The gnoll bouda barks out a call to the hunt!
The gnoll picks up the pace!
The gnoll throws a throwing net.
The throwing net hits you.
You become entangled in the net!
You see here a throwing net.
You struggle against the net.
The gnoll completely misses you.
You struggle against the net.
The gnoll barely misses you. The gnoll hits you with a +0 club.
You die...

..##..##.....##.#
.....#..........#
#.###.....≈≈....#
### .....≈≈....##
.##.........#
.##.....♣♣..#
...._..♣♣..#
..........#
##......g@#
..##.)≈≈.g.##
......≈≈...#
........g.##
.##.....###
...###### #


You could see a gnoll bouda and 2 gnolls.

Vanquished Creatures
  Sigmund (D:2)
  Natasha (D:3)
  5 gnolls
  2 adders
  A shadow imp (D:4)
  A worm (D:2)
  A dart slug (D:3)
  An orc (D:4)
  10 endoplasms
  3 giant cockroaches
  2 goblins
  7 hobgoblins
  5 kobolds
  3 quokkas
  3 ball pythons (D:3)
  9 bats
  4 frilled lizards
  5 rats
64 creatures vanquished.

Notes
Turn   | Place    | Note
-------+----------+-------------------------------------------
     0 | D:1      | Descartes the Deep Elf Wanderer began the quest for the
                  | Orb.
     0 | D:1      | Descartes set off with the following items: a +0 dagger, a
                  | +0 pair of gloves, a potion of might, a +0 robe, a scroll
                  | of teleportation; and the following spell memorised: Magic
                  | Dart; and the following spells available to memorise:
                  | Dazzling Flash, Iskenderun's Mystic Blast.
     0 | D:1      | Reached XP level 1. HP: 10/10 MP: 5/5
   286 | D:1      | Reached XP level 2. HP: 15/15 MP: 4/7
  1243 | D:2      | Found Keoskit's Weapon Shoppe.
  1248 | D:2      | Reached XP level 3. HP: 19/19 MP: 3/8
  1397 | D:2      | Found Niptokka's Antique Armour Shoppe.
  1496 | D:2      | Reached XP level 4. HP: 24/24 MP: 3/10
  1680 | D:2      | Reached skill level 5 in Conjurations
  1703 | D:2      | Found Qocsufuh's Armour Boutique.
  1724 | D:2      | Found Xefostute's Weapon Boutique.
  2058 | D:2      | Noticed Sigmund
  2079 | D:2      | Killed Sigmund
  2080 | D:2      | Reached XP level 5. HP: 15/28 MP: 3/13
  2377 | D:3      | Reached XP level 6. HP: 32/32 MP: 7/14
  2659 | D:3      | Noticed Natasha
  2663 | D:3      | Killed Natasha
  2724 | D:3      | Found Zutt's Jewellery Shop.
  3046 | D:4      | Found an ornate altar of the Wu Jian Council.
  3080 | D:4      | Slain by a gnoll

Illustrated notes

Levels and vault maps discovered:
D:1:      lemuel_arrival_rhombus, layout_basic
D:2:      layout_rooms, serial_shops, nicolae_shop_statue_plus,
          nicolae_shop_bloodbath_and_beyond, nicolae_shop_window_shopping,
          nicolae_shop_advertising_works [nicolae_subvault_shop_adworks],
          minmay_surrounded, uniq_sigmund
D:3:      layout_loops_ring, serial_shops, shop, uniq_natasha
D:4:      layout_cave_pools, nicolae_wu_jian_wuxing_cycle, grunt_gozag_statues,
          uniq_blork_the_orc

Skill      XL: |  1  2  3  4 |
---------------+-------------+-----
Spellcasting   | 2 4 |  4.3
Dodging        | 2 3 |  3.9
Evocations     | 2 3 |  3.4
Conjurations   | 5 |  5.6
Throwing       | |  1.0
Stealth        | |  1.2
Invocations    | |  1.0

Action                     |  1- 3 |  4- 6 || total
---------------------------+-------+-------++-------
  Melee: Dagger            |     5 |     1 ||     6
   Cast: Magic Dart        |    74 |    79 ||   153
 Armour: Robe              |     3 |       ||     3
         Leather armour    |     6 |     7 ||    13
  Dodge: Dodged            |     2 |     7 ||     9
